 Dungeon Crawl Stone Soup version 0.30.1-3-gfc49f6343a (webtiles) character file.

Game seed: 3800391969770143922

102 Atelerd the Digger (level 4, 0/27 HPs)
             Began as an Octopode Earth Elementalist on July 24, 2023.
             Slain by a gnoll
             ... wielding a +0 spear
              (7 damage)
             ... on level 3 of the Dungeon.
             The game lasted 00:01:12 (2383 turns).

Atelerd the Digger (Octopode Earth Elementalist)    Turns: 2383, Time: 00:01:14

Health: 0/27       AC:  1    Str:  7    XL:     4   Next: 78%
Magic:  6/8        EV: 13    Int: 19    God:
Gold:   178        SH:  0    Dex: 12    Spells: 7/8 levels left

rFire   . . .        r - +2 dagger (venom)
rCold   . . .        (no shield)
rNeg    . . .        (helmet restricted)
rPois   .            (no amulet)
rElec   .            (no ring)
rCorr   .            (no ring)
SInv    .            (no ring)
Will    .....        (no ring)
Stlth   +++          (no ring)
HPRegen 0.24/turn    (no ring)
MPRegen 0.11/turn    (no ring)
                     (no ring)

%: no passive effects
@: no status effects
A: almost no armour, amphibious, 8 rings, camouflage 1, gelatinous body 1,
(nimble swimmer 1), tentacles
a: no special abilities


You were on level 3 of the Dungeon.
You visited 1 branch of the dungeon, and saw 3 of its levels.

You collected 178 gold pieces.

Inventory:

Hand Weapons
 l - a +0 dagger
 r - a +2 dagger of venom (weapon)
Jewellery
 b - a ring of fire
 h - a +6 ring of intelligence
Wands
 k - a wand of mindburst (12)
Scrolls
 c - a scroll of blinking {unknown}
 e - a scroll of fear {unknown}
 g - 3 scrolls of vulnerability {unknown}
 j - a scroll of amnesia {unknown}
 m - a scroll of acquirement {unknown}
 n - 3 scrolls of identify {unknown}
 o - a scroll of teleportation {unknown}
 p - a scroll of poison {unknown}
 q - a scroll of enchant weapon {unknown}
Potions
 a - 2 potions of magic
 d - 2 potions of flight {unknown}
 f - 2 potions of lignification {unknown}
 i - a potion of haste {unknown}


   Skills:
 - Level 2.1 Dodging
 - Level 3.2 Stealth
 + Level 2.9 Spellcasting
 * Level 1.6 Transmutations
 * Level 4.3 Earth Magic


You had 7 spell levels left.
You knew the following spells:

 Your Spells              Type           Power      Damage    Failure   Level
a - Sandblast             Erth           38%        2d10      2%          1

Your spell library contained the following spells:

 Spells                   Type           Power      Damage    Failure   Level
 Passwall                 Tmut/Erth      10%        N/A       7%          2
 Summon Small Mammal      Summ           8%         N/A       16%         1
 Stone Arrow              Conj/Erth      20%        3d8       19%         3
 Petrify                  Tmut/Erth      13%        N/A       41%         4
 Call Canine Familiar     Summ           2%         N/A       43%         3
 Summon Guardian Golem    Hex/Summ       2%         N/A       43%         3


Dungeon Overview and Level Annotations

Branches:
Dungeon (3/15)

Altars:
Dithmenos


Innate Abilities, Weirdness & Mutations

You cannot wear most types of armour.
You are amphibious.
You can wear up to eight rings at the same time.
Your skin changes colour to match your surroundings (Stealth+).
Your rubbery body absorbs attacks. (AC +1, EV +1)
((You are camouflaged when in or above water. (Stealth+)))
You have tentacles for arms and can constrict up to eight enemies at once.


Message History

Magic restored.
You start resting.
HP restored.
n - 3 scrolls labelled ITETTOBIYR (gained 1)
Things that are here:
a +2 dagger of venom; a hobgoblin corpse
r - a +2 dagger of venom Your +2 dagger of venom begins to drip with poison!
r - a +2 dagger of venom (weapon)
Things that are here:
a +0 club; a kobold corpse
Found a cloak.
Found a stone staircase leading down.
Key pressed, stopping explore.
d - 2 dark potions (gained 1)
You see here a +0 trident. 3 gnolls come into view.
The gnoll shouts! x2; You hear a shout!
A gnoll comes into view. It is wielding a +0 spear.
The gnoll shouts!
There are monsters nearby!
There are monsters nearby!
The gnoll completely misses you.
There are monsters nearby!
There are monsters nearby!
You closely miss the gnoll. Your grab misses the gnoll. You squeeze the gnoll.
The gnoll is moderately wounded.
The gnoll hits you from afar with a +0 spear.
The gnoll closely misses you.
The blast of sand hits the gnoll.
The gnoll is moderately wounded.
The gnoll hits you from afar with a +0 spear.
The gnoll closely misses you. The gnoll completely misses you.
There are monsters nearby!
The blast of sand hits the gnoll!
You kill the gnoll!
The gnoll hits you from afar with a +0 spear!
* * * LOW HITPOINT WARNING * * *
The gnoll closely misses you.
The gnoll hits you from afar with a +0 spear!
You die...

......# #....# ......#
#....# ......# #....#
......# #....#
......## ###....#
....<..# #.....)#
.......###.####.#
########....###.#####
.).......##...#.@)gg#
###########.#.####g..#
............#..# #.#
##############.# # #
............##.###.#
###########..#...#.#
.........###.###.#.# #
########.....#.#.#.#.#
#####.#.#.#.#.# #


You could see 3 gnolls.

Vanquished Creatures
  Jessica (D:2)
  An orc wizard (D:3)
  A gnoll (D:3)
  A worm (D:3)
  A dart slug (D:1)
  4 orcs (D:3)
  A ball python (D:1)
  3 bats
  5 endoplasms
  2 giant cockroaches
  4 goblins
  2 hobgoblins
  4 jackals (D:1)
  6 kobolds
  A quokka (D:1)
  A frilled lizard (D:1)
  3 rats
41 creatures vanquished.

Notes
Turn   | Place    | Note
-------+----------+-------------------------------------------
     0 | D:1      | Atelerd the Octopode Earth Elementalist began the quest for
                  | the Orb.
     0 | D:1      | Reached XP level 1. HP: 11/11 MP: 3/3
   161 | D:1      | Reached XP level 2. HP: 17/17 MP: 3/5
   284 | D:1      | Found a faded altar of an unknown god.
   701 | D:1      | Reached XP level 3. HP: 21/21 MP: 4/6
  1366 | D:2      | Noticed Jessica
  1369 | D:2      | Killed Jessica
  1370 | D:2      | Reached skill level 4 in Earth Magic
  1612 | D:3      | Reached XP level 4. HP: 27/27 MP: 8/8
  2008 | D:3      | Found a shadowy altar of Dithmenos.
  2383 | D:3      | Slain by a gnoll

Illustrated notes

Levels and vault maps discovered:
D:1:      dpeg_arrival_shrine, layout_basic,
          shapermc_ecumenical_altar_mp_urbaneastern
D:2:      layout_loops_cross, uniq_jessica
D:3:      layout_rooms, nicolae_dithmenos_through_a_glass_darkly,
          serial_co_window_serial, co_window_paths_b, co_window_paths_b,
          co_window_cross_1, co_window_paths_b, co_window_cross_1,
          co_window_corner_b, co_window_cross_4, co_window_corner_ca,
          co_window_of_opportunity_b, co_window_paths_d, co_window_paths_e,
          dreamdust_wishing_well

Skill      XL: |  1  2  3 |
---------------+----------+-----
Stealth        | 3 |  3.2
Earth Magic    | 4 |  4.3
Dodging        | |  2.1
Spellcasting   | |  2.9
Transmutations | |  1.6

Action                     |  1- 3 |  4- 6 || total
---------------------------+-------+-------++-------
  Melee: Unarmed           |    12 |       ||    12
         Constrict         |     5 |       ||     5
         Tentacles         |     3 |     2 ||     5
         Dagger            |     1 |     4 ||     5
   Cast: Sandblast         |    28 |    19 ||    47
   Stab: Sleeping          |     1 |       ||     1
 Armour: Skin              |     1 |       ||     1
  Dodge: Dodged            |    10 |     6 ||    16
